 Dungeon Crawl Stone Soup version 0.28-a0-1506-g3893175d92 (webtiles) character file.

Game seed: 17726402466179114240

29 HallandMoats the Skirmisher (level 3, -2/31 HPs)
             Began as a Ghoul Fighter on Jan 14, 2022.
             Slain by Sigmund (6 damage)
             ... on level 2 of the Dungeon.
             The game lasted 00:00:37 (525 turns).

HallandMoats the Skirmisher (Ghoul Fighter)          Turns: 525, Time: 00:00:38

Health: -2/31      AC:  6    Str: 19    XL:     3   Next: 16%
Magic:  2/2        EV:  9    Int:  5    God:
Gold:   21         SH:  0    Dex:  8    Spells: 2/2 levels left

rFire   . . .      SeeInvis .   a - +0 war axe
rCold   + . .      Faith    .   c - +0 buckler
rNeg    + + +      Spirit   .   b - +0 scale mail
rPois   ∞          Reflect  .   (no helmet)
rElec   .          Harm     .   (no cloak)
rCorr   .          Rampage  .   (no gloves)
Will    .....                   (no boots)
Stlth   ..........              (no amulet)
HPRegen 0.00/turn               f - +4 ring of slaying
MPRegen 0.08/turn               (no ring)

@: confused, mighty, inhibited regen
A: claws 1, cold resistance 1, negative energy resistance 3, inhibited
regeneration, torment resistance 2
a: no special abilities


You were on level 2 of the Dungeon.
You visited 1 branch of the dungeon, and saw 2 of its levels.

You collected 21 gold pieces.

Inventory:

Hand Weapons
 a - a +0 war axe (weapon)
Armour
 b - a +0 scale mail (worn)
 c - a +0 buckler (worn)
Jewellery
 f - a +4 ring of slaying (left claw)
Potions
 e - 3 potions of haste {unknown}
 g - a potion of attraction {unknown}


   Skills:
 * Level 3.6 Fighting
 * Level 2.2 Axes
 + Level 2.8 Armour
 + Level 0.4 Dodging
 * Level 3.0 Shields


You had 2 spell levels left.
You didn't know any spells.
Your spell library was empty.

Dungeon Overview and Level Annotations

Branches:
Dungeon (1/15)

Altars:

Annotations:
D:2 Sigmund


Innate Abilities, Weirdness & Mutations

You thrive by killing the living.
You are immune to poison.
You have sharp fingernails.
Your flesh is cold resistant. (rC+)
You are immune to negative energy. (rN+++)
You do not regenerate when monsters are visible.
You are immune to unholy pain and torment.


Message History

Things that are here:
a +0 club; a goblin corpse
g - a coppery potion Sigmund and a kobold come into view.
Sigmund is wielding a +0 scythe and wearing a +1 robe of willpower.
The kobold shouts!
Sigmund hits you from afar with a +0 scythe.
There are monsters nearby!
There are monsters nearby!
Sigmund hits you with a +0 scythe!
You hit Sigmund.
Sigmund is lightly wounded.
You slash the kobold!
You kill the kobold!
You feel better.
You closely miss Sigmund.
Sigmund is lightly wounded.
Sigmund hits you but does no damage.
You closely miss Sigmund.
Sigmund is lightly wounded.
Sigmund points at you and mumbles some strange words.
You are confused.
Sigmund gestures at you while chanting. You resist with significant effort.
You are too confused!
You are too confused!
You feel very mighty all of a sudden. Sigmund gestures at you while chanting.
You are more confused.
Sigmund points at you and mumbles some strange words.
The magic dart hits you!
Sigmund gestures wildly while chanting.
Sigmund flickers and vanishes!
Deactivating autopickup; reactivate with Ctrl-A.
You miss something. Something completely misses you. Something hits you!
* * * LOW HITPOINT WARNING * * *
You bump into the rock wall.
You bump into the rock wall.
Something hits you.
You die...

...................
.......)...........
...........).......
..........(........
######.#...........
#####........##...
##......####### #.
#......##
#...###@########
... #..{...... #.
#..).####. ....###
#..### ###


There were no monsters in sight!

Vanquished Creatures
  3 dart slugs (D:1)
  2 ball pythons (D:1)
  A bat (D:1)
  2 endoplasms (D:1)
  A giant cockroach (D:1)
  A goblin (D:2)
  A hobgoblin (D:1)
  3 jackals (D:1)
  2 quokkas (D:1)
  2 frilled lizards (D:1)
  A kobold (D:2)
  A rat (D:1)
20 creatures vanquished.

Notes
Turn   | Place    | Note
-------+----------+-------------------------------------------
     0 | D:1      | HallandMoats the Ghoul Fighter began the quest for the Orb.
     0 | D:1      | Reached XP level 1. HP: 19/19 MP: 0/0
   146 | D:1      | Reached XP level 2. HP: 26/26 MP: 1/1
   473 | D:1      | Reached XP level 3. HP: 31/31 MP: 2/2
   487 | D:1      | You fall into a shaft and drop 1 floor!
   514 | D:2      | Noticed Sigmund
   525 | D:2      | Slain by Sigmund

Illustrated notes

Levels and vault maps discovered:
D:1:      dpeg_arrival_water_fire, layout_loops_ring, serial_rivers,
          chequers_serial_rivers_micro_e, chequers_serial_rivers_small_b,
          chequers_serial_rivers_micro_e, chequers_serial_rivers_micro_a,
          chequers_serial_rivers_micro_c, serial_bayou_lagoon_a,
          grunt_decor_one_mirror, minmay_quantized
D:2:      layout_rooms, st_stairs_14, nicolae_concentric_dashed_squares_mild,
          minmay_misc_feat_x, uniq_sigmund

Skill      XL: |  1  2 |
---------------+-------+-----
Axes           | 2 |  2.2
Shields        | 3 |  3.0
Fighting       | |  3.6
Armour         | |  2.8
Dodging        | |  0.4

Action                   || total
-------------------------++-------
Melee: War axe           ||    49
  Use: Potion            ||     1
Armor: Scale mail        ||    18
Dodge: Dodged            ||    24
Block: Buckler           ||     7

Table legend: (Time is in decaauts)
 A = Elapsed time spent in this place.
 B = Non-inter-level travel time spent in this place.
 C = Inter-level travel time spent in this place.
 D = Time resting spent in this place.
 E = Time spent auto-exploring this place.
 F = Levels seen in this place.
 G = Mean time per level.
                   A        B        C        D        E       F      G
               +--------+--------+--------+--------+--------+-----+--------+
         Total |    548 |    548 |      0 |      0 |    423 |   2 |  274.0 |
       Dungeon |    548 |    548 |      0 |      0 |    423 |   2 |  274.0 |
               +--------+--------+--------+--------+--------+-----+--------+

Top non-repeatable levels by time:
     D:1: 508 daAuts
     D:2: 39 daAuts
